3A
SYRACUSE STORM @ MONROEVILLE YINZERS
05/30/2042
 
TOP OF THE 1ST
Syracuse Storm batting - Pitching for Monroeville Yinzers : LHP Mané Garrincha
Pitching: LHP Mané Garrincha
Batting: RHB Jacob James 0-0: Called Strike
0-1: Fly out, F9 (Flyball, 89S, EV 86.2 MPH)
Batting: LHB Felipe Tovar 0-0: SINGLE (Groundball, 34D, EV 97.5 MPH)
Batting: LHB Jorge Leyva 0-0: Ball
1-0: Called Strike
1-1: Ball
2-1: Ball
3-1: Swinging Strike
3-2: Foul Ball, location: 2F
3-2: Fly out, F8 (Line Drive, 8RD, EV 96.2 MPH)
Batting: RHB Takeichi Hashimoto 0-0: Foul Ball, location: 2F
0-1: Ball
1-1: Ground out U3 (Groundball, 34S, EV 68.1 MPH)
Top of the 1st over - 0 runs, 1 hit, 0 errors, 1 left on base; Syracuse 0 - Monroeville 0
BOTTOM OF THE 1ST
Monroeville Yinzers batting - Pitching for Syracuse Storm : RHP Kuang-yin Gao
Pitching: RHP Kuang-yin Gao
Batting: LHB Rashid Jeltkov 0-0: Called Strike
0-1: Foul Ball, location: 2F
0-2: Ball
1-2: Ball
2-2: Ball
3-2: Ground out 6-3 (Groundball, 6M, EV 85.6 MPH)
Batting: SHB Chong-hun Cho 0-0: Ball
1-0: Foul Ball, location: 2F
1-1: Foul Ball, location: 2F
1-2: Ball
2-2: Foul Ball, location: 2F
2-2: Ball
3-2: Fly out, F9 (Flyball, 9LS, EV 89.4 MPH)
Batting: LHB Adam Bisset 0-0: Ball
1-0: Ball
2-0: Foul Ball, location: 2F
2-1: Swinging Strike
2-2: Strikes out swinging
Bottom of the 1st over - 0 runs, 0 hits, 0 errors, 0 left on base; Syracuse 0 - Monroeville 0
TOP OF THE 2ND
Syracuse Storm batting - Pitching for Monroeville Yinzers : LHP Mané Garrincha
Batting: SHB Mauro DelPiero 0-0: Called Strike
0-1: Ball
1-1: Swinging Strike
1-2: Hit by Pitch
Batting: LHB Francisco Romero 0-0: Called Strike
0-1: Swinging Strike
0-2: DOUBLE (Line Drive, 89D, EV 103.1 MPH)
Mauro DelPiero to third
Runner from 3rd tries for Home, SAFE, throw by CF to home
Batting: LHB Trevor Smith 0-0: Called Strike
Francisco Romero is caught stealing 3rd base 2-5
0-1: Swinging Strike
0-2: Strikes out swinging
Batting: RHB Richard Fowler 0-0: TRIPLE (Line Drive, 8RXD, EV 109.4 MPH)
Batting: LHB Kenny Jones 0-0: Foul Ball, location: 2F
0-1: Swinging Strike
0-2: Strikes out looking
Top of the 2nd over - 1 run, 2 hits, 0 errors, 1 left on base; Syracuse 1 - Monroeville 0
BOTTOM OF THE 2ND
Monroeville Yinzers batting - Pitching for Syracuse Storm : RHP Kuang-yin Gao
Batting: RHB Félix Pacheco 0-0: Ball
1-0: Swinging Strike
1-1: Foul Ball, location: 2F
1-2: Ball
2-2: Foul Ball, location: 2F
2-2: Fly out, F5 (Popup, 56, EV 81.9 MPH)
Batting: RHB Rubén Camacho 0-0: Called Strike
0-1: Foul Ball, location: 2F
0-2: Reached on error, E3 (Popup, 3S, EV 83.1 MPH)
Batting: RHB Brian Martin 0-0: Called Strike
0-1: Ball
1-1: Swinging Strike
1-2: Ball
2-2: Foul Ball, location: 2F
2-2: Foul Ball, location: 2F
2-2: Fielders Choice at 2nd, 4-6 (Groundball, 34, EV 83.8 MPH)
Batting: SHB John Clay 0-0: Foul Ball, location: 2F
0-1: Swinging Strike
0-2: Foul Ball, location: 2F
0-2: Ball
1-2: Ball
2-2: SINGLE (Groundball, 4, EV 85.6 MPH) (infield hit)
Brian Martin to second
Batting: RHB Dave Hall 0-0: Fielders Choice at 2nd, 5-4 (Groundball, 5, EV 96.9 MPH)
Bottom of the 2nd over - 0 runs, 1 hit, 1 error, 2 left on base; Syracuse 1 - Monroeville 0
TOP OF THE 3RD
Syracuse Storm batting - Pitching for Monroeville Yinzers : LHP Mané Garrincha
Batting: RHB Jacob James 0-0: Ball
1-0: Swinging Strike
1-1: Swinging Strike
1-2: Ball
2-2: Foul Ball, location: 2F
2-2: Ground out 4-3 (Groundball, 4M, EV 107.5 MPH)
Batting: LHB Felipe Tovar 0-0: Ball
1-0: Fly out, F9 (Line Drive, 9D, EV 93.1 MPH)
Batting: LHB Jorge Leyva 0-0: Called Strike
0-1: Called Strike
0-2: Fly out, F8 (Flyball, 78S, EV 88.8 MPH)
Top of the 3rd over - 0 runs, 0 hits, 0 errors, 0 left on base; Syracuse 1 - Monroeville 0
BOTTOM OF THE 3RD
Monroeville Yinzers batting - Pitching for Syracuse Storm : RHP Kuang-yin Gao
Batting: RHB Mike Sackett 0-0: Foul Ball, location: 2F
0-1: Swinging Strike
0-2: SOLO HOME RUN (Flyball, 7LD, EV 97.5 MPH), Distance : 347 ft
Batting: LHB Rashid Jeltkov 0-0: Ball
1-0: Called Strike
1-1: Foul Ball, location: 2F
1-2: Foul Ball, location: 2F
1-2: Foul Ball, location: 2F
1-2: Foul Ball, location: 2F
1-2: Single, Error in OF, E9, batter to second base (Groundball, 3D, EV 106.2 MPH)
Batting: SHB Chong-hun Cho 0-0: Ball
1-0: Called Strike
1-1: Fly out, F7 (Flyball, 78D, EV 78.1 MPH)
Runner from 2nd tags up, SAFE at 3rd with throw by LF
Batting: LHB Adam Bisset 0-0: Ground out 6-3 (Groundball, 56, EV 82.5 MPH)
Rashid Jeltkov scores
Batting: RHB Félix Pacheco 0-0: Ball
1-0: Ball
2-0: Ball
3-0: Base on Balls
Batting: RHB Rubén Camacho 0-0: Called Strike
0-1: Fly out, F9 (Flyball, 9LM, EV 95.0 MPH)
Bottom of the 3rd over - 2 runs, 2 hits, 1 error, 1 left on base; Syracuse 1 - Monroeville 2
TOP OF THE 4TH
Syracuse Storm batting - Pitching for Monroeville Yinzers : LHP Mané Garrincha
Batting: RHB Takeichi Hashimoto 0-0: Called Strike
0-1: Ball
1-1: Ball
2-1: Swinging Strike
2-2: Ground out 5-3 (Groundball, 5, EV 85.0 MPH)
Batting: SHB Mauro DelPiero 0-0: Swinging Strike
0-1: Called Strike
0-2: Ball
1-2: Foul Ball, location: 2F
1-2: Strikes out swinging
Batting: LHB Francisco Romero 0-0: Called Strike
0-1: Ball
1-1: Swinging Strike
1-2: Foul Ball, location: 2F
1-2: Foul Ball, location: 2F
1-2: DOUBLE (Line Drive, 9LM, EV 104.4 MPH)
Batting: LHB Trevor Smith 0-0: Ball
1-0: Ball
2-0: Swinging Strike
2-1: DOUBLE (Line Drive, 78M, EV 110.6 MPH)
Francisco Romero scores
Batting: RHB Richard Fowler 0-0: Ball
1-0: Reached on error, E7 (Flyball, 78S, EV 91.2 MPH)
Trevor Smith scores
Batting: LHB Kenny Jones 0-0: DOUBLE (Line Drive, 9LS, EV 91.2 MPH)
Richard Fowler scores
Batting: RHB Jacob James 0-0: Ball
1-0: Ball
2-0: Foul Ball, location: 2F
2-1: Foul Ball, location: 2F
2-2: Strikes out looking
Top of the 4th over - 3 runs, 3 hits, 1 error, 1 left on base; Syracuse 4 - Monroeville 2
BOTTOM OF THE 4TH
Monroeville Yinzers batting - Pitching for Syracuse Storm : RHP Kuang-yin Gao
Batting: RHB Brian Martin 0-0: Called Strike
0-1: Called Strike
0-2: Ball
1-2: Ball
2-2: Ball
3-2: Base on Balls
Batting: SHB John Clay 0-0: Called Strike
0-1: Foul Ball, location: 2F
0-2: Ball
1-2: Foul Ball, location: 2F
1-2: Fly out, F8 (Line Drive, 8LD, EV 106.2 MPH)
Batting: RHB Dave Hall 0-0: Called Strike
0-1: Foul Ball, location: 2F
0-2: Fly out, F7 (Flyball, 78D, EV 108.1 MPH)
Batting: RHB Mike Sackett 0-0: Fly out, F8 (Line Drive, 8RM, EV 95.0 MPH)
Bottom of the 4th over - 0 runs, 0 hits, 0 errors, 1 left on base; Syracuse 4 - Monroeville 2
TOP OF THE 5TH
Syracuse Storm batting - Pitching for Monroeville Yinzers : LHP Mané Garrincha
Batting: LHB Felipe Tovar 0-0: Ball
1-0: Foul Ball, location: 2F
1-1: Foul Ball, location: 2F
1-2: Ball
2-2: Foul Ball, location: 2F
2-2: Ball
3-2: Foul Ball, location: 2F
3-2: SINGLE (Groundball, 6MD, EV 96.2 MPH)
Batting: LHB Jorge Leyva 0-0: Ball
1-0: Called Strike
1-1: Foul Ball, location: 2F
1-2: Ball
2-2: Ball
3-2: Foul Ball, location: 2F
3-2: Ground out 4-3 (Groundball, 4, EV 80.6 MPH)
Felipe Tovar to second
Batting: RHB Takeichi Hashimoto 0-0: Called Strike
0-1: Ball
1-1: Swinging Strike
1-2: Strikes out swinging
Batting: SHB Mauro DelPiero 0-0: Called Strike
0-1: Foul Ball, location: 2F
0-2: Ball
1-2: Ball
2-2: Fly out, F7 (Flyball, 7LS, EV 83.1 MPH)
Top of the 5th over - 0 runs, 1 hit, 0 errors, 1 left on base; Syracuse 4 - Monroeville 2
BOTTOM OF THE 5TH
Monroeville Yinzers batting - Pitching for Syracuse Storm : RHP Kuang-yin Gao
Batting: LHB Rashid Jeltkov 0-0: Called Strike
0-1: Ball
1-1: Ball
2-1: Foul Ball, location: 2F
2-2: Ball
3-2: Base on Balls
Batting: SHB Chong-hun Cho 0-0: Ball
1-0: Fielders Choice at 2nd, 1-4 (Groundball, 25, EV 86.2 MPH)
Batting: LHB Adam Bisset 0-0: Called Strike
0-1: Fly out, F7 (Flyball, 7D, EV 101.2 MPH)
Batting: RHB Félix Pacheco 0-0: Called Strike
0-1: Called Strike
0-2: DOUBLE (Flyball, 89XD, EV 105.0 MPH)
Chong-hun Cho to third
Runner from 3rd tries for Home, SAFE, throw by RF to home
Batting: RHB Rubén Camacho 0-0: Called Strike
0-1: DOUBLE (Flyball, 78XD, EV 108.8 MPH)
Félix Pacheco scores
Batting: RHB Brian Martin 0-0: Swinging Strike
0-1: Foul Ball, location: 2F
0-2: Strikes out swinging
Bottom of the 5th over - 2 runs, 2 hits, 0 errors, 1 left on base; Syracuse 4 - Monroeville 4
TOP OF THE 6TH
Syracuse Storm batting - Pitching for Monroeville Yinzers : LHP Mané Garrincha
Batting: LHB Francisco Romero 0-0: Ball
1-0: Ball
2-0: Called Strike
2-1: Ball
3-1: Foul Ball, location: 2F
3-2: Foul Ball, location: 2F
3-2: Base on Balls
Batting: LHB Trevor Smith 0-0: Sac Bunt to 15 - play at first, batter OUT! 1-4
Francisco Romero to second
Batting: RHB Richard Fowler 0-0: Intentional Walk
Pitching: RHP Artie O'Neal
Batting: LHB Kenny Jones 0-0: Called Strike
0-1: Foul Ball, location: 2F
0-2: Ball
1-2: SINGLE (Line Drive, 89S, EV 88.8 MPH)
Francisco Romero to third
Richard Fowler to second
Runner from 3rd tries for Home, SAFE, no throw by RF
Batting: RHB Jacob James 0-0: Called Strike
0-1: Foul Ball, location: 2F
0-2: Foul Ball, location: 2F
0-2: Strikes out swinging
Batting: LHB Felipe Tovar 0-0: Called Strike
0-1: Ball
1-1: Ball
2-1: Foul Ball, location: 2F
2-2: Ground out U3 (Groundball, 3L, EV 96.9 MPH)
Top of the 6th over - 1 run, 1 hit, 0 errors, 2 left on base; Syracuse 5 - Monroeville 4
BOTTOM OF THE 6TH
Monroeville Yinzers batting - Pitching for Syracuse Storm : RHP Kuang-yin Gao
Batting: SHB John Clay 0-0: Called Strike
0-1: Ball
1-1: Swinging Strike
1-2: Ball
2-2: Foul Ball, location: 2F
2-2: Strikes out swinging
Batting: RHB Dave Hall 0-0: Foul Ball, location: 2F
0-1: Called Strike
0-2: Fly out, F8 (Flyball, 8LM, EV 88.8 MPH)
Batting: RHB Mike Sackett 0-0: Foul Ball, location: 2F
0-1: Fly out, F9 (Line Drive, 9, EV 90.0 MPH)
Bottom of the 6th over - 0 runs, 0 hits, 0 errors, 0 left on base; Syracuse 5 - Monroeville 4
TOP OF THE 7TH
Syracuse Storm batting - Pitching for Monroeville Yinzers : RHP Artie O'Neal
Batting: LHB Jorge Leyva 0-0: Ball
1-0: Ball
2-0: Called Strike
2-1: Called Strike
2-2: Strikes out swinging, 2-3 out at first.
Batting: RHB Takeichi Hashimoto 0-0: Ball
1-0: Ground out 5-3 (Groundball, 56S, EV 67.5 MPH)
Batting: SHB Mauro DelPiero 0-0: Called Strike
0-1: Ground out 6-3 (Groundball, 6, EV 85.6 MPH)
Top of the 7th over - 0 runs, 0 hits, 0 errors, 0 left on base; Syracuse 5 - Monroeville 4
BOTTOM OF THE 7TH
Monroeville Yinzers batting - Pitching for Syracuse Storm : RHP Kuang-yin Gao
Batting: LHB Rashid Jeltkov 0-0: SINGLE (Flyball, 89M, EV 90.6 MPH)
Pitching: RHP Jonathan Downs
Batting: SHB Chong-hun Cho 0-0: Ball
Rashid Jeltkov is caught stealing 2nd base 2-6
1-0: SINGLE (Line Drive, 56D, EV 96.2 MPH)
Batting: LHB Adam Bisset 0-0: Ball
Passed Ball!
Chong-hun Cho to second
1-0: Swinging Strike
1-1: Ball
2-1: Foul Ball, location: 2F
2-2: Strikes out looking
Batting: RHB Félix Pacheco 0-0: Ball
1-0: Fly out, F2 (Popup, 23F, EV 85.6 MPH)
Bottom of the 7th over - 0 runs, 2 hits, 0 errors, 1 left on base; Syracuse 5 - Monroeville 4
TOP OF THE 8TH
Syracuse Storm batting - Pitching for Monroeville Yinzers : RHP Artie O'Neal
Batting: LHB Francisco Romero 0-0: Foul Ball, location: 2F
0-1: Ball
1-1: Foul Ball, location: 2F
1-2: Ground out 5-3 (Groundball, 56, EV 80.6 MPH)
Batting: LHB Trevor Smith 0-0: Called Strike
0-1: Called Strike
0-2: Foul Ball, location: 2F
0-2: Ball
1-2: Foul Ball, location: 2F
1-2: Strikes out swinging
Batting: RHB Richard Fowler 0-0: Called Strike
0-1: Ball
1-1: Called Strike
1-2: Ball
2-2: Ball
3-2: Strikes out looking
Top of the 8th over - 0 runs, 0 hits, 0 errors, 0 left on base; Syracuse 5 - Monroeville 4
BOTTOM OF THE 8TH
Monroeville Yinzers batting - Pitching for Syracuse Storm : RHP Jonathan Downs
Now at 2B: Bobby Verstraten
Now at 3B: Jung Chong
Batting: RHB Rubén Camacho 0-0: Ball
1-0: Foul Ball, location: 2F
1-1: Ball
2-1: Fly out, F6 (Flyball, 56D, EV 85.0 MPH)
Batting: RHB Brian Martin 0-0: SOLO HOME RUN (Flyball, 78XD, EV 108.1 MPH), Distance : 410 ft
Batting: SHB John Clay 0-0: Called Strike
0-1: Ball
1-1: Called Strike
1-2: Ball
2-2: Foul Ball, location: 2F
2-2: Foul Ball, location: 2F
2-2: Ball
3-2: Base on Balls
Batting: RHB Dave Hall 0-0: Ball
1-0: Fly out, F4 (Flyball, 34D, EV 93.1 MPH)
Batting: RHB Mike Sackett 0-0: Ball
John Clay steals 2nd base
1-0: Fly out, F9 (Line Drive, 9, EV 91.2 MPH)
Bottom of the 8th over - 1 run, 1 hit, 0 errors, 1 left on base; Syracuse 5 - Monroeville 5
TOP OF THE 9TH
Syracuse Storm batting - Pitching for Monroeville Yinzers : RHP Artie O'Neal
Pinch Hitting: LHB Zak Makepeace 0-0: Called Strike
0-1: Called Strike
0-2: Ball
1-2: Ball
2-2: Foul Ball, location: 2F
2-2: Foul Ball, location: 2F
2-2: Foul Ball, location: 2F
2-2: Fly out, F8 (Flyball, 8LD, EV 103.1 MPH)
Batting: RHB Jacob James 0-0: Ball
1-0: Called Strike
1-1: Foul Ball, location: 2F
1-2: Strikes out swinging
Batting: LHB Felipe Tovar 0-0: Called Strike
0-1: Fly out, F9 (Flyball, 9, EV 88.1 MPH)
Top of the 9th over - 0 runs, 0 hits, 0 errors, 0 left on base; Syracuse 5 - Monroeville 5
BOTTOM OF THE 9TH
Monroeville Yinzers batting - Pitching for Syracuse Storm : RHP Jonathan Downs
Now at 1B: Milimili Blake
Batting: LHB Rashid Jeltkov 0-0: Called Strike
0-1: Fly out, F8 (Flyball, 8RS, EV 87.5 MPH)
Batting: SHB Chong-hun Cho 0-0: Called Strike
0-1: Foul Ball, location: 2F
0-2: Ball
1-2: Fly out, F3 (Line Drive, 3, EV 72.5 MPH)
Batting: LHB Adam Bisset 0-0: Called Strike
0-1: TRIPLE (Flyball, 8LXD, EV 88.8 MPH)
Batting: RHB Félix Pacheco 0-0: Intentional Walk
Batting: RHB Rubén Camacho 0-0: Ball
1-0: Swinging Strike
1-1: Foul Ball, location: 2F
1-2: Strikes out swinging
Bottom of the 9th over - 0 runs, 1 hit, 0 errors, 2 left on base; Syracuse 5 - Monroeville 5
TOP OF THE 10TH
Syracuse Storm batting - Pitching for Monroeville Yinzers : RHP Artie O'Neal
Pitching: RHP Jeremy Harness
Batting: LHB Jorge Leyva 0-0: Ball
1-0: Ball
2-0: Ball
3-0: Base on Balls
Batting: LHB Bobby Verstraten 0-0: Called Strike
0-1: Ball
1-1: Fielders Choice at 2nd, 6-4 (Groundball, 6, EV 100.0 MPH)
Batting: SHB Mauro DelPiero 0-0: Ball
Wild Pitch!
Bobby Verstraten to second
1-0: Foul Ball, location: 2F
1-1: Foul Ball, location: 2F
1-2: Ball
2-2: Fly out, F9 (Flyball, 89D, EV 105.0 MPH)
Batting: LHB Francisco Romero 0-0: Intentional Walk
Batting: RHB Jung Chong 0-0: Fly out, F9 (Flyball, 9S, EV 86.2 MPH)
Top of the 10th over - 0 runs, 0 hits, 0 errors, 2 left on base; Syracuse 5 - Monroeville 5
BOTTOM OF THE 10TH
Monroeville Yinzers batting - Pitching for Syracuse Storm : RHP Jonathan Downs
Pitching: LHP John Ellis
Batting: RHB Brian Martin 0-0: Ball
1-0: Ball
2-0: Ball
3-0: Base on Balls
Batting: SHB John Clay 0-0: Bunt - Flyout to 5S! F5
Batting: RHB Dave Hall 0-0: Ball
1-0: Swinging Strike
1-1: Foul Ball, location: 2F
1-2: Hit by Pitch
Brian Martin to second
Batting: RHB Mike Sackett 0-0: Ball
1-0: Called Strike
1-1: SINGLE (Line Drive, 6D, EV 101.9 MPH)
Brian Martin to third
Dave Hall to second
Batting: LHB Rashid Jeltkov 0-0: Ball
1-0: Ball
2-0: Ball
3-0: Called Strike
3-1: Called Strike
3-2: Grounds into double play, 6-2-3 (Groundball, 6MS, EV 81.2 MPH)
Bottom of the 10th over - 0 runs, 1 hit, 0 errors, 2 left on base; Syracuse 5 - Monroeville 5
TOP OF THE 11TH
Syracuse Storm batting - Pitching for Monroeville Yinzers : RHP Jeremy Harness
Pitching: RHP Edward Swetnam
Pinch Hitting: LHB Bruce Hampton 0-0: Ball
1-0: Ball
2-0: Ball
3-0: Base on Balls
Batting: RHB Milimili Blake 0-0: Swinging Strike
0-1: Ball
1-1: Foul Ball, location: 2F
1-2: Foul Ball, location: 2F
1-2: Fly out, F7 (Flyball, 78M, EV 87.5 MPH)
Batting: RHB Jacob James 0-0: Foul Ball, location: 2F
0-1: Foul Ball, location: 2F
0-2: Fly out, F9 (Flyball, 9S, EV 86.2 MPH)
Batting: LHB Felipe Tovar 0-0: Ball
1-0: Ball
2-0: SINGLE (Groundball, 4D, EV 106.9 MPH)
Bruce Hampton to second
Runner from 2nd tries for 3rd, SAFE, throw by CF made to third
Batting: LHB Jorge Leyva 0-0: Ball
1-0: Ball
Felipe Tovar steals 2nd base (no throw)
2-0: Intentional Walk
Batting: LHB Bobby Verstraten 0-0: Foul Ball, location: 2F
0-1: Ball
1-1: Ball
2-1: Called Strike
2-2: Ball
3-2: SINGLE (Line Drive, 8LS, EV 92.5 MPH)
Bruce Hampton scores
Felipe Tovar to third
Jorge Leyva to second
Felipe Tovar scores
Jorge Leyva to third
Batting: SHB Mauro DelPiero 0-0: Ball
1-0: Foul Ball, location: 2F
1-1: Ball
2-1: Foul Ball, location: 2F
2-2: Ball
3-2: SINGLE (Line Drive, 8LS, EV 104.4 MPH)
Jorge Leyva scores
Bobby Verstraten to second
Bobby Verstraten to third
Batting: LHB Francisco Romero 0-0: Ball
1-0: Ball
2-0: Called Strike
2-1: Foul Ball, location: 2F
2-2: Strikes out swinging
Top of the 11th over - 3 runs, 3 hits, 0 errors, 2 left on base; Syracuse 8 - Monroeville 5
BOTTOM OF THE 11TH
Monroeville Yinzers batting - Pitching for Syracuse Storm : LHP John Ellis
Now at C: Ludwig Krassnig
Batting: SHB Chong-hun Cho 0-0: Foul Ball, location: 2F
0-1: Ball
1-1: Ball
2-1: Ball
3-1: Base on Balls
Batting: LHB Adam Bisset 0-0: Ball
1-0: Called Strike
1-1: Ball
2-1: Called Strike
2-2: Ball
3-2: Base on Balls
Chong-hun Cho to second
Pitching: RHP Pete Bird
Batting: RHB Félix Pacheco 0-0: Ball
1-0: Ball
2-0: Foul Ball, location: 2F
2-1: Called Strike
2-2: SINGLE (Groundball, 6MD, EV 102.5 MPH)
Chong-hun Cho to third
Adam Bisset to second
Batting: RHB Rubén Camacho 0-0: Foul Ball, location: 2F
0-1: Ball
1-1: Ball
2-1: Ball
3-1: Foul Ball, location: 2F
3-2: Fly out, F5 (Line Drive, 5, EV 70.0 MPH)
Batting: RHB Brian Martin 0-0: Called Strike
0-1: Ball
1-1: Called Strike
1-2: Strikes out swinging
Pinch Hitting: LHB Jang-lu Moy 0-0: Ball
1-0: Foul Ball, location: 2F
1-1: Ball
2-1: Foul Ball, location: 2F
2-2: Fly out, F8 (Flyball, 78M, EV 92.5 MPH)
Bottom of the 11th over - 0 runs, 1 hit, 0 errors, 3 left on base; Syracuse 8 - Monroeville 5
Friday, March 26th, 2021 - OOTP Baseball 20.8 Build 74